 Dungeon Crawl Stone Soup version 0.27-a0-1325-g58a489ad9e (webtiles) character file.

Game seed: 4273471616881809670

410 Rohain the Chopper (level 6, -4/48 HPs)
             Began as a Demonspawn Gladiator on June 25, 2021.
             Slain by Edmund (5 damage)
             ... on level 5 of the Dungeon.
             The game lasted 00:07:33 (5310 turns).

Rohain the Chopper (Demonspawn Gladiator)           Turns: 5310, Time: 00:07:34

Health: -4/48      AC:  5    Str: 17    XL:     6   Next: 58%
Magic:  6/6        EV: 13    Int:  9    God:
Gold:   252        SH:  0    Dex: 14    Spells: 5/5 levels left

rFire    . . .     SeeInvis .   a - +1 war axe
rCold    . . .     Faith    .   (no shield)
rNeg     . . .     Spirit   .   b - +1 leather armour
rPois    +         Reflect  .   (helmet restricted)
rElec    .         Harm     .   (no cloak)
rCorr    .         Rampage  .   q - +0 pair of gloves
Will     .....                  (no boots)
Stlth    +.........             (no amulet)
HPRegen  0.16/turn              i - ring of poison resistance
MPRegen  0.10/turn              f - +4 ring of slaying

@: mighty
A: horns 1, demonic guardian 1
a: no special abilities


You were on level 5 of the Dungeon.
You visited 1 branch of the dungeon, and saw 5 of its levels.

You collected 252 gold pieces.

Inventory:

Hand Weapons
 a - a +1 war axe (weapon)
Missiles
 d - 3 throwing nets (quivered)
Armour
 b - a +1 leather armour (worn)
 c - a +0 helmet
 q - a +0 pair of gloves (worn)
Jewellery
 f - a +4 ring of slaying (right hand)
 i - a ring of poison resistance (left hand)
Wands
 l - a wand of paralysis (9)
Scrolls
 g - 5 scrolls of teleportation
 n - a scroll of fear {unknown}
 o - a scroll of enchant armour
Potions
 h - a potion of curing
 j - a potion of haste {unknown}
 k - a potion of ambrosia {unknown}
 m - a potion of lignification {unknown}


   Skills:
 + Level 3.8 Fighting
 * Level 4.8 Axes
 - Level 1.8 Throwing
 - Level 1.3 Armour
 + Level 3.9 Dodging
 - Level 0.1 Stealth
 - Level 1.1 Unarmed Combat


You had 5 spell levels left.
You didn't know any spells.
Your spell library was empty.

Dungeon Overview and Level Annotations

Branches:
Dungeon (5/15)
 Temple: D:4-7

Altars:
Fedhas
Wu Jian

Annotations:
D:5 Edmund, Ijyb, Menkaure


Innate Abilities, Weirdness & Mutations

You have a pair of small horns on your head.
A weak demonic guardian rushes to your aid.


Message History

You feel much better.
Edmund hits you with a +1 flail of protection.
Ijyb closely misses you.
Your white imp hits Ijyb but does no damage.
Menkaure barely misses you.
Ijyb hits your white imp with a +0 club.
Menkaure gestures at you while chanting.
Pain shoots through your body!
Your white imp closely misses Ijyb.
Ijyb hits your white imp with a +0 club.
Your white imp hits Ijyb but does no damage.
Menkaure calls on the powers of darkness!
Ijyb convulses!
Edmund convulses!
Your body is wracked with pain!
* * * LOW HITPOINT WARNING * * *
Ijyb zaps a wand.
Your white imp resists with significant effort.
Your white imp hits Ijyb but does no damage.
Menkaure casts a spell at you. Pain shoots through your body!
* * * LOW HITPOINT WARNING * * *
Edmund grinds his teeth, and then sighs.
Ijyb zaps a wand.
Your white imp resists with significant effort.
Your white imp hits Ijyb but does no damage.
Menkaure hits your white imp!!
Your white imp dies!
You feel better.
Edmund hits you with a +1 flail of protection.
* * * LOW HITPOINT WARNING * * *
You feel better. Edmund closely misses you.
You hit Edmund but do no damage.
Edmund is almost dead.
Menkaure calls on the powers of darkness!
Ijyb convulses!
Edmund convulses!
Your body is wracked with pain!
* * * LOW HITPOINT WARNING * * *
Edmund hits you with a +1 flail of protection!
* * * LOW HITPOINT WARNING * * *
Menkaure calls on the powers of darkness!
Ijyb convulses!
Edmund convulses!
You feel a surge of unholy energy.
Edmund hits you with a +1 flail of protection.
You die...

.....[...#..#
.......#..#
.....#..#
#...#..#
#.<.#..#
##.....#
###...## #....#
#.@#.##
###@#..####..
#.#..gM.......#
#.........####
###.......#
#.........#
...######.##
#... #.# ###
...


You could see Edmund, Ijyb and Menkaure (fast).

Vanquished Creatures
  A scorpion (D:4)
  A water moccasin skeleton (D:4)
  2 orc priests (D:4)
  Natasha (twice) (D:2)
  A howler monkey zombie (D:5)
  5 adders
  3 worms
  3 dart slugs
  5 orcs
  14 ball pythons
  10 endoplasms
  A giant cockroach (D:2)
  11 hobgoblins
  11 jackals
  4 quokkas
  9 bats
  4 frilled lizards
  6 goblins
  9 kobolds
  6 rats
108 creatures vanquished.

Vanquished Creatures (collateral kills)
  2 adders (D:2)
  An orc (D:4)
  A goblin (D:2)
4 creatures vanquished.

Vanquished Creatures (others)
  A kobold (D:2)
1 creature vanquished.

Grand Total: 113 creatures vanquished

Notes
Turn   | Place    | Note
-------+----------+-------------------------------------------
     0 | D:1      | Rohain the Demonspawn Gladiator began the quest for the
                  | Orb.
     0 | D:1      | Reached XP level 1. HP: 16/16 MP: 1/1
   186 | D:1      | Gained mutation: You have a pair of small horns on your
                  | head. [demonic ancestry]
   186 | D:1      | Reached XP level 2. HP: 10/22 MP: 2/2
   425 | D:1      | Reached skill level 3 in Axes
  1078 | D:1      | Gained mutation: A weak demonic guardian rushes to your
                  | aid. [demonic ancestry]
  1078 | D:1      | Reached XP level 3. HP: 27/27 MP: 3/3
  1167 | D:1      | Found a faded altar of an unknown god.
  1372 | D:2      | Noticed Natasha
  1378 | D:2      | Killed Natasha
  1379 | D:2      | Reached XP level 4. HP: 9/34 MP: 4/4
  1742 | D:2      | Reached skill level 1 in Armour
  1938 | D:2      | Noticed Natasha
  1948 | D:2      | Killed Natasha
  1949 | D:2      | Reached skill level 1 in Unarmed Combat
  2356 | D:2      | Reached XP level 5. HP: 41/41 MP: 5/5
  3221 | D:3      | Reached skill level 4 in Axes
  4433 | D:4      | Found a blossoming altar of Fedhas.
  4485 | D:4      | Reached XP level 6. HP: 43/47 MP: 6/6
  4583 | D:4      | Found an ornate altar of the Wu Jian Council.
  5267 | D:5      | Entered Level 5 of the Dungeon
  5292 | D:5      | Noticed Edmund
  5293 | D:5      | Noticed Menkaure
  5295 | D:5      | Noticed Ijyb
  5302 | D:5      | HP: 2/48 [Edmund (6)]
  5310 | D:5      | HP: 1/48 [Edmund (10)]
  5310 | D:5      | Slain by Edmund

Illustrated notes

Levels and vault maps discovered:
D:1:      wheals_arrival_shading, layout_basic, basic_ecumenical_altar,
          chequers_decorated_corner
D:2:      minmay_thinvault, layout_loops_corners, uniq_natasha
D:3:      layout_loops_ring, grunt_decor_cap
D:4:      layout_loops_cross, nicolae_wu_jian_wuxing_cycle, fedhas_altar_4
D:5:      layout_rooms, grunt_temple_overflow_order_and_chaos_1,
          minmay_temple_entry_proselytizer, serial_shops, shop, uniq_menkaure,
          uniq_ijyb, uniq_crazy_yiuf_cottage, uniq_edmund, uniq_duvessa

Skill      XL: |  1  2  3  4  5 |
---------------+----------------+-----
Dodging        | 3 |  3.9
Axes           | 3 4 |  4.8
Armour         | 1 |  1.3
Fighting       | 3 |  3.8
Unarmed Combat | 1 |  1.1
Throwing       | |  1.8
Stealth        | |  0.1

Action                   |  1- 3 |  4- 6 || total
-------------------------+-------+-------++-------
Melee: War axe           |    73 |   177 ||   250
       Headbutt          |     5 |    30 ||    35
       Punch             |       |     2 ||     2
  Use: Scroll            |       |     9 ||     9
       Potion            |       |     5 ||     5
 Stab: Sleeping          |       |     1 ||     1
Armor: Leather armour    |    29 |    49 ||    78
Dodge: Dodged            |    70 |   139 ||   209

Table legend: (Time is in decaauts)
 A = Elapsed time spent in this place.
 B = Non-inter-level travel time spent in this place.
 C = Inter-level travel time spent in this place.
 D = Time resting spent in this place.
 E = Time spent auto-exploring this place.
 F = Levels seen in this place.
 G = Mean time per level.
                   A        B        C        D        E       F      G
               +--------+--------+--------+--------+--------+-----+--------+
         Total |   5390 |   5280 |    110 |   1073 |   3394 |   5 | 1078.0 |
       Dungeon |   5390 |   5280 |    110 |   1073 |   3394 |   5 | 1078.0 |
               +--------+--------+--------+--------+--------+-----+--------+

Top non-repeatable levels by time:
     D:2: 1829 daAuts
     D:1: 1303 daAuts
     D:4: 1223 daAuts
     D:3: 990 daAuts
     D:5: 44 daAuts
